 Dungeon Crawl Stone Soup version 0.32-a0-747-gc8563f6773 (webtiles) character file.

Game seed: 7924956204693305910

18 tgirl the Slasher (level 2, 0/21 HPs)
             Began as an Octopode Monk on Mar 18, 2024.
             Succumbed to an adder's poison
             ... on level 2 of the Dungeon.
             The game lasted 00:00:26 (29 turns).

tgirl the Slasher (Octopode Monk)                     Turns: 29, Time: 00:00:27

Health: 0/21       AC:  1    Str: 10    XL:     2   Next: 70%
Magic:  2/2        EV: 13    Int: 12    God:
Gold:   0          SH:  0    Dex: 14    Spells: 1/1 levels left

rFire   . . .        a - +0 falchion
rCold   . . .        (no shield)
rNeg    . . .        (helmet restricted)
rPois   .            (no amulet)
rElec   .            (no ring)
rCorr   .            (no ring)
SInv    .            (no ring)
Will    .....        (no ring)
Stlth   +++          (no ring)
HPRegen 0.23/turn    (no ring)
MPRegen 0.08/turn    (no ring)
                     (no ring)

%: no passive effects
@: lethally poisoned (0 -> -5)
A: almost no armour, amphibious, 8 rings, camouflage 1, gelatinous body 1,
(nimble swimmer 1), tentacles
a: no special abilities


You were on level 2 of the Dungeon.
You visited 1 branch of the dungeon, and saw 2 of its levels.

Inventory:

Hand Weapons
 a - a +0 falchion (weapon)
Armour
 c - an orb of light
Scrolls
 d - a scroll of identify {unknown}
Potions
 b - a potion of ambrosia


   Skills:
 + Level 3.2 Fighting
 + Level 3.2 Long Blades
 + Level 3.2 Dodging
 + Level 1.5 Stealth


You had one spell level left.
You didn't know any spells.
Your spell library was empty.

Dungeon Overview and Level Annotations

Branches:
Dungeon (1/15)

Altars:


Innate Abilities, Weirdness & Mutations

You cannot wear most types of armour.
You are amphibious.
You can wear up to eight rings at the same time.
Your skin changes colour to match your surroundings (Stealth+).
Your rubbery body absorbs attacks. (AC +1, EV +1)
((You are camouflaged when in or above water. (Stealth+)))
You have tentacles for arms and can constrict up to eight enemies at once.


Message History

Found 11 gold pieces.
An adder comes into view.
Found 2 red potions.
A quokka comes into view.
An endoplasm comes into view.
An adder comes into view.
The helpless adder fails to defend itself.
You hit the adder.
The adder hisses angrily.
You grab the adder.
The adder is lightly wounded.
You constrict the adder. The adder bites you.
The adder escapes!
You closely miss the adder. You grab the adder.
The adder is moderately wounded.
You constrict the adder. The adder bites you.
You are poisoned.
The adder poisons you!
You hit the adder but do no damage.
The adder is severely wounded.
You constrict the adder.
You feel sick. The adder misses you. The adder closely misses you.
The adder bites you. The adder closely misses you.
You completely miss the adder. You squeeze the adder.
You kill the adder!
You feel sick. The quokka bites you. The adder completely misses you.
The quokka closely misses you.
Your Stealth skill increases to level 1!
You have reached level 2!
You closely miss the adder. You grab the adder. You constrict the adder.
You feel sick. The adder bites you.
* * * LOW HITPOINT WARNING * * *
You are lethally poisoned!
The adder poisons you! The quokka bites you.
* * * LOW HITPOINT WARNING * * *
The adder barely misses you.
You completely miss the adder. You squeeze the adder!
You kill the adder!
* * * LOW HITPOINT WARNING * * *
You feel sick. The quokka closely misses you.
You die...

#########
#.......#
#####.#####.#.
#.....#.......
#...r†@..#
J...............
..........#.....
.....$....# ....
........... ...
.....######. ##
..... .. ### #


You could see a quokka.

Vanquished Creatures
  2 adders (D:2)
2 creatures vanquished.

Notes
Turn   | Place    | Note
-------+----------+-------------------------------------------
     0 | D:1      | tgirl the Octopode Monk began the quest for the Orb.
     0 | D:1      | Reached XP level 1. HP: 16/16 MP: 1/1
    19 | D:1      | You fall into a shaft and drop 1 floor!
    27 | D:2      | Reached skill level 1 in Stealth
    27 | D:2      | Reached XP level 2. HP: 9/21 MP: 2/2
    29 | D:2      | Succumbed to an adder's poison

Illustrated notes

Levels and vault maps discovered:
D:1:      shiori_arrival_maze, layout_basic, serial_forest,
          infiniplex_forest_clump_long, infiniplex_forest_clump_small,
          infiniplex_forest_clump_small, infiniplex_forest_straight_3,
          infiniplex_forest_lined_3, chequers_ecumenical_altar_island
D:2:      layout_basic, basic_altar

Skill      XL: |  1 |
---------------+----+-----
Stealth        | 1 |  1.5
Fighting       | |  3.2
Long Blades    | |  3.2
Dodging        | |  3.2

Action                     || total
---------------------------++-------
  Melee: Falchion          ||     6
         Constrict         ||     3
         Tentacles         ||     2
   Stab: Sleeping          ||     1
 Armour: Skin              ||     6
  Dodge: Dodged            ||     7

Table legend: (Time is in decaauts)
 A = Elapsed time spent in this place.
 B = Non-inter-level travel time spent in this place.
 C = Inter-level travel time spent in this place.
 D = Time resting spent in this place.
 E = Time spent auto-exploring this place.
 F = Levels seen in this place.
 G = Mean time per level.
                   A        B        C        D        E       F      G
               +--------+--------+--------+--------+--------+-----+--------+
         Total |     29 |     29 |      0 |      0 |      0 |   2 |   14.5 |
       Dungeon |     29 |     29 |      0 |      0 |      0 |   2 |   14.5 |
               +--------+--------+--------+--------+--------+-----+--------+

Top non-repeatable levels by time:
     D:1: 19 daAuts
     D:2: 10 daAuts
